 Dungeon Crawl Stone Soup version 0.28.0-45-g0d030f2227 (webtiles) character file.

Game seed: 6208061531018412801

4 croobank the Firebug (level 1, 0/14 HPs)
             Began as a Draconian Fire Elementalist on Apr 11, 2022.
             Slain by a quokka (1 damage)
             ... on level 2 of the Dungeon.
             The game lasted 00:02:23 (107 turns).

croobank the Firebug (Draconian Fire Elementalist)   Turns: 107, Time: 00:02:24

Health: 0/14       AC:  4    Str: 10    XL:     1   Next: 50%
Magic:  0/3        EV: 12    Int: 15    God:
Gold:   0          SH:  0    Dex: 11    Spells: 3/4 levels left

rFire   . . .      SeeInvis .   (no weapon)
rCold   . . .      Faith    .   (no shield)
rNeg    . . .      Spirit   .   (armour unavailable)
rPois   .          Reflect  .   (helmet restricted)
rElec   .          Harm     .   (no cloak)
rCorr   .          Rampage  .   (no gloves)
Will    .....                   (no boots)
Stlth   ++........              (no amulet)
HPRegen 0.04/turn               (no ring)
MPRegen 0.08/turn               (no ring)

@: no status effects
A: AC +4, unfitting armour, cold-blooded
a: no special abilities


You were on level 2 of the Dungeon.
You visited 1 branch of the dungeon, and saw 2 of its levels.

You aren't carrying anything.


   Skills:
 + Level 1.8 Dodging
 + Level 1.8 Stealth
 + Level 2.0 Spellcasting
 + Level 1.1 Conjurations
 + Level 3.0 Fire Magic


You had 3 spell levels left.
You knew the following spells:

 Your Spells              Type           Power      Damage    Failure   Level
a - Foxfire               Conj/Fire      28%        2x1d5     10%         1

Your spell library contained the following spells:

 Spells                   Type           Power      Damage    Failure   Level
 Scorch                   Fire           20%        2d6       10%         2
 Conjure Flame            Conj/Fire      7%         6-21      28%         3
 Inner Flame              Hex/Fire       6%         N/A       34%         3
 Flame Wave               Conj/Fire      7%         2d5       67%         4


Dungeon Overview and Level Annotations

Branches:
Dungeon (2/15)

Altars:


Innate Abilities, Weirdness & Mutations

Your plain brown scales are hard. (AC +4)
You cannot fit into any form of body armour.
You are cold-blooded and may be slowed by cold attacks.


Message History

Confirm with . or Enter, or press ? or * to list all spells.
You don't have enough magic to cast this spell.
The jackal barely misses you.
Casting: Foxfire (safe; 10% risk of failure)
Confirm with . or Enter, or press ? or * to list all spells.
You conjure some foxfire!
The jackal misses you.
Your foxfire dissipates!
The foxfire hits the jackal.
You kill the jackal!
The hobgoblin closely misses you.
The quokka bites you but does no damage.
Found an escape hatch in the floor.
The quokka barely misses you. The quokka barely misses you.
There is an escape hatch in the floor here.
The quokka barely misses you.
You slide downwards.
The hatch slams shut behind you.
Found a stone staircase leading up.
Casting: Foxfire (safe; 10% risk of failure)
Confirm with . or Enter, or press ? or * to list all spells.
You conjure some foxfire!
The quokka closely misses you.
The foxfire hits the quokka.
The quokka is severely wounded.
The foxfire hits the quokka.
The quokka is almost dead.
The quokka misses you. The quokka barely misses you.
You closely miss the quokka.
The quokka is severely wounded.
The quokka bites you.
* * * LOW HITPOINT WARNING * * *
You hit the quokka but do no damage.
The quokka is severely wounded.
The quokka closely misses you.
You barely miss the quokka.
The quokka is severely wounded.
The quokka barely misses you.
You miss the quokka.
The quokka is heavily wounded.
The quokka bites you.
You die...

.<.
...
..
..
#.
#.
#.##
#r@#
#..#
##.#
###


You could see a quokka.

Vanquished Creatures
  An endoplasm (D:1)
  2 jackals (D:1)
3 creatures vanquished.

Vanquished Creatures (others)
  12 foxfires
12 creatures vanquished.

Grand Total: 15 creatures vanquished

Notes
Turn   | Place    | Note
-------+----------+-------------------------------------------
     0 | D:1      | croobank the Draconian Fire Elementalist began the quest
                  | for the Orb.
     0 | D:1      | Reached XP level 1. HP: 14/14 MP: 3/3
     2 | D:1      | Noticed a troll
     2 | D:1      | Noticed a demonspawn
     4 | D:1      | Noticed a tengu
     4 | D:1      | Noticed a formicid
     8 | D:1      | Noticed an ogre
    10 | D:1      | Noticed a demigod
    12 | D:1      | Noticed an elf
    12 | D:1      | Noticed a minotaur
    14 | D:1      | Noticed a vine stalker
    14 | D:1      | Noticed a naga
    16 | D:1      | Noticed an octopode
    16 | D:1      | Noticed a draconian
    18 | D:1      | Noticed a dwarf
    18 | D:1      | Noticed a felid
    20 | D:1      | Noticed a ghoul
    20 | D:1      | Noticed a human
    22 | D:1      | Noticed a vampire
    22 | D:1      | Noticed a merfolk
    24 | D:1      | Noticed a gargoyle
    24 | D:1      | Noticed a spriggan
   107 | D:2      | Slain by a quokka

Illustrated notes

Levels and vault maps discovered:
D:1:      kb_arrival_jail, layout_loops_cross, minmay_tetromino_i4
D:2:      layout_rooms, ebering_ecumenical_altar_rust, basic_altar,
          glass_columns_b

Action                   || total
-------------------------++-------
Melee: Unarmed           ||     4
 Cast: Foxfire           ||     8
Armor: Skin              ||     9
Dodge: Dodged            ||    30
